 Dungeon Crawl Stone Soup version 0.22-a0-825-ga28c36f (webtiles) character file.

99 inc the Chiller (level 4, -2/30 HPs)
             Began as a Barachi Ice Elementalist on July 24, 2018.
             Slain by an ice beast (9 damage)
             ... on level 3 of the Dungeon.
             The game lasted 00:03:34 (2617 turns).

inc the Chiller (Barachi Ice Elementalist)          Turns: 2617, Time: 00:03:35

Health: -2/30      AC:  2    Str:  9    XL:     4   Next: 72%
Magic:  7/7        EV: 12    Int: 16    God:
Gold:   169        SH:  0    Dex: 13    Spells: 2/7 levels left

rFire    . . .     SeeInvis .   b - +0 dagger (venom)
rCold    . . .     Gourm    .   (no shield)
rNeg     . . .     Faith    .   a - +0 robe
rPois    .         Spirit   .   (no helmet)
rElec    .         Reflect  .   (no cloak)
rCorr    .         Harm     .   (no gloves)
MR       .....                  (no boots)
Stlth    ++........             (no amulet)
HPRegen  0.10/turn              (no ring)
MPRegen  0.10/turn              (no ring)

@: slow
A: +LOS, swims, slowness 1, strong legs 1
a: Hop


You were on level 3 of the Dungeon.
You were not hungry.

You visited 1 branch of the dungeon, and saw 3 of its levels.

You collected 169 gold pieces.

Inventory:

Hand Weapons
 b - a +0 dagger of venom (weapon)
Armour
 a - a +0 robe (worn)
Wands
 m - a wand of disintegration (10)
 s - a wand of scattershot (5)
 t - a wand of polymorph (15)
Scrolls
 d - 8 scrolls of identify {unknown}
 f - a scroll of immolation {unknown}
 g - 2 scrolls of magic mapping {unknown}
 h - a scroll of remove curse {unknown}
 i - 2 scrolls of enchant weapon {unknown}
 j - a scroll of fog {unknown}
 l - a scroll of blinking {unknown}
 p - a scroll of amnesia {unknown}
Potions
 e - 2 potions of agility {unknown}
 k - a potion of haste {unknown}
 n - a potion of might {unknown}
 o - 2 potions of degeneration {unknown}
 q - 3 potions of curing {unknown}
 r - a potion of heal wounds {unknown}
Comestibles
 c - 3 rations


   Skills:
 - Level 2.1 Dodging
 - Level 1.7 Stealth
 - Level 2.1 Spellcasting
 + Level 2.3 Conjurations
 - Level 5.9 Ice Magic


You had 2 spell levels left.
You knew the following spells:

 Your Spells              Type           Power        Failure   Level  Hunger
a - Freeze                Ice            ###.         1%          1    #......
b - Throw Icicle          Conj/Ice       ###.....     36%         4    #####..

Your spell library contained the following spells:

 Spells                   Type           Power        Failure   Level  Hunger
 Throw Frost              Conj/Ice       ###...       5%          2    ###....
 Summon Ice Beast         Ice/Summ       ##......     52%         4    #####..
 Ozocubu's Armour         Chrm/Ice       ##......     19%         3    ###....


Dungeon Overview and Level Annotations

Branches:
Dungeon (3/15)

Altars:


Innate Abilities, Weirdness & Mutations

Shadows flee at your approach. (+LOS)
You can swim through water.
You cover ground slowly.
You can hop short distances.


Message History

You kill the bat!
Casting: Freeze (safe; 1% risk of failure)
Confirm with . or Enter, or press ? or * to list all spells.
You can't see any susceptible monsters within range! (Use Z to cast anyway.)
You see here a bat corpse.
You butcher the bat corpse.
You see here a chunk of flesh.
Eat a chunk of flesh? (ye/n/q)
You eat the chunk of flesh.
This raw flesh tastes terrible.
You closely miss the ice beast. The ice beast misses you.
You hit the ice beast.
The ice beast is lightly wounded.
The ice beast barely misses you.
You closely miss the ice beast.
The ice beast is lightly wounded.
The ice beast hits you. The ice beast freezes you!
You hit the ice beast but do no damage. The ice beast hits you.
* * * LOW HITPOINT WARNING * * *
The ice beast freezes you!
You die...

##+# ... ####..# # ... . #....#
#.#.# .### #....######.#.# ..#
##+# ####...........#.####.# ...
......................##.########
........................(..... .>
########......##Y####..#.#.#. #.
#......##@# #<...# #.
#......##.######..# ..##.
#......##.........# #..##. #
#......########.#.###..##. #
##..............#.##...... #
################..#...### #
#.....#.#..#...... #
#.###.#...Y#.[#### #
#####.###...#.........


You could see an ice beast.

Vanquished Creatures
  4 adders
  2 worms (D:2)
  2 dart slugs
  A leopard gecko (D:1)
  A giant cockroach (D:1)
  3 goblins
  6 hobgoblins
  5 jackals
  9 kobolds
  A quokka (D:2)
  A ball python (D:2)
  6 bats
  5 frilled lizards
  7 rats
53 creatures vanquished.

Notes
Turn   | Place    | Note
-------+----------+-------------------------------------------
     0 | D:1      | inc the Barachi Ice Elementalist began the quest for the Orb.
     0 | D:1      | Reached XP level 1. HP: 13/13 MP: 3/3
   472 | D:1      | Reached skill level 4 in Ice Magic
   513 | D:1      | Reached XP level 2. HP: 15/19 MP: 3/5
  1079 | D:1      | Reached XP level 3. HP: 24/24 MP: 4/6
  1103 | D:1      | Reached skill level 5 in Ice Magic
  1841 | D:2      | Reached XP level 4. HP: 30/30 MP: 4/7
  1923 | D:2      | Learned a level 4 spell: Throw Icicle
  2598 | D:3      | Noticed an ice beast
  2617 | D:3      | Slain by an ice beast

Vault maps used:
D:1:      minmay_arrival_semitransparent
D:3:      nicolae_overflow_crystal_walls, tso_altar, minmay_bisected

Skill      XL: |  1  2  3  4 |
---------------+-------------+-----
Ice Magic      | 4 5 |  5.9
Conjurations   | 2 |  2.3
Dodging        | |  2.1
Stealth        | |  1.7
Spellcasting   | |  2.1

Action                   |  1- 3 |  4- 6 || total
-------------------------+-------+-------++-------
Melee: Dagger            |    12 |    19 ||    31
 Cast: Freeze            |    54 |    32 ||    86
 Abil: Hop               |     1 |       ||     1
 Stab: Sleeping          |     1 |     1 ||     2
  Eat: Chunk             |     3 |     4 ||     7
Armor: Robe              |     2 |    10 ||    12
Dodge: Dodged            |    28 |    27 ||    55

Table legend:
 A = Spawn XP
 B = Non-spawn XP
 C = Spawn XP percentage of total XP
 D = Spawn monster count
 E = Non-spawn monster count
 F = Spawn count percentage of total count
 G = Total turns spent on level
                    A         B        C        D         E        F      G
               +---------+---------+-------+---------+---------+-------+---------
         Total |       0 |     142 |   0.0 |       0 |      53 |   0.0 |  2617
               +---------+---------+-------+---------+---------+-------+---------
           D:1 |       0 |      38 |   0.0 |       0 |      21 |   0.0 |  1574
           D:2 |       0 |      78 |   0.0 |       0 |      24 |   0.0 |   765
           D:3 |       0 |      26 |   0.0 |       0 |       8 |   0.0 |   278
               +---------+---------+-------+---------+---------+-------+---------
